Map: 프리온 단구

Players

Apocalypse - Winner!

  • Race: Terran Terran

Namshar

  • Race: Zerg Zerg

Event: Gauntlet LotV Series 1 Qualifier 1

VOD

Have the link to the VOD?

Description

Time

  • Played on: Nov. 22, 2015, 6:09 p.m.
  • Length: 8:03

All games in this series

Show
View Real Time Build Order
Export as new Build Order

Apocalypse Terran - Winner!

Build Orders:  

Get SALT Encoding   

  12  0:01  SCV  
  13  0:13  SCV  
  14  0:17  Supply Depot  
  14  0:25  SCV  
  15  0:40  Barracks  
  15  0:42  Refinery  
  15  0:43  SCV  
  16  0:55  Barracks  
  16  0:59  SCV  
  17  1:11  SCV  
  18  1:23  SCV  
  19  1:27  Reaper  
  20  1:35  Supply Depot, Orbital Command  
  20  1:44  Reaper  
  21  2:01  SCV  
  21  2:03  Reaper  
  23  2:11  Command Center  
  23  2:14  SCV  
  24  2:21  Reaper, Refinery  
  25  2:27  SCV  
  26  2:39  SCV  
  26  2:41  Reaper  
  28  2:52  SCV  
  29  3:00  Reaper  
  30  3:07  SCV  
  30  3:12  Command Center  
  31  3:18  Barracks  
  31  3:23  Reaper  
  31  3:25  Orbital Command  
  32  3:31  SCV  
  33  3:35  Factory, Marine  
  34  3:43  Bunker  
  34  3:46  SCV  
  35  3:52  SCV  
  35  3:53  Marine  
  35  3:55  Marine  
  38  3:58  SCV  
  39  4:05  SCV  
  39  4:08  Supply Depot  
  40  4:14  SCV, Supply Depot  
  40  4:16  Barracks Tech Lab  
  40  4:17  SCV  
  42  4:23  Starport  
  42  4:25  Orbital Command  
  42  4:26  Factory Tech Lab  
  42  4:27  SCV  
  42  4:30  Marine x2  
  45  4:35  SCV  
  46  4:38  Refinery  
  46  4:43  Stimpack  
  46  4:44  SCV  
  47  4:48  SCV  
  47  4:51  SCV  
  49  4:53  Siege Tank  
  49  4:55  Barracks Reactor x2  
  49  4:57  SCV  
  53  5:03  SCV  
  54  5:09  Marine  
  54  5:12  SCV x2  
  54  5:14  Refinery  
  57  5:15  Medivac  
  57  5:18  SCV  
  60  5:23  Engineering Bay x2  
  60  5:24  SCV  
  60  5:25  SCV  
  60  5:27  Marine  
  63  5:28  Supply Depot  
  63  5:30  SCV  
  46  5:48  Bunker  
  44  5:54  Marine x3  
  44  5:55  Siege Tank, Marine x2  
  44  5:56  Medivac  
  52  6:04  SCV  
  52  6:05  SCV  
  52  6:11  SCV  
  55  6:12  Marine x4  
  55  6:13  Marine  
  60  6:22  Bunker  
  60  6:24  SCV  
  61  6:28  Siege Tank  
  61  6:31  SCV x2  
  66  6:37  SCV  
  66  6:39  Marine x2  
  68  6:40  Marine x2  
  68  6:43  SCV  
  68  6:45  SCV  
  73  6:49  SCV  
  74  6:55  SCV  
  74  6:57  Marine  
  74  6:58  Orbital Command  
  74  6:59  Starport Reactor  
  76  7:04  SCV, Siege Tank  
  76  7:07  SCV  
  81  7:08  Marine x2  
  81  7:12  Supply Depot  
  83  7:16  SCV  
  83  7:18  Marine  
  85  7:29  Marine  
  85  7:34  Marine x2  
  85  7:37  Marauder, Marine  
  86  7:42  SCV  
  93  7:53  Supply Depot x2  
  93  7:54  Barracks  
  93  7:56  Barracks  
  93  8:01  Armory  
Show
View Real Time Build Order
Export as new Build Order

Namshar Zerg 

Build Orders: Hatch First 

Get SALT Encoding   

  12  0:05  Drone  
  13  0:12  Overlord  
  13  0:18  Drone  
  14  0:32  Drone x2  
  16  0:37  Drone  
  17  0:52  Hatchery  
  17  0:55  Drone  
  17  1:10  Extractor  
  17  1:11  Spawning Pool  
  15  1:14  Drone  
  15  1:17  Drone  
  17  1:23  Drone  
  18  1:34  Drone  
  19  1:42  Overlord  
  19  1:58  Queen  
  19  2:00  Zergling x2  
  22  2:03  Zergling x2  
  22  2:04  Queen  
  26  2:08  Zergling x2  
  26  2:13  Metabolic Boost  
  26  2:15  Drone  
  27  2:18  Drone  
  28  2:24  Drone  
  29  2:33  Drone  
  29  2:34  Queen  
  31  2:50  Zergling x2  
  31  2:51  Zergling x2  
  30  3:06  Zergling x6  
  30  3:07  Zergling x2  
  34  3:23  Drone  
  35  3:33  Drone, Overlord  
  35  3:34  Overlord  
  35  3:35  Overlord  
  34  3:54  Roach Warren  
  33  3:57  Zergling x14  
  40  4:12  Drone x2  
  41  4:23  Baneling Nest  
  41  4:24  Extractor  
  39  4:25  Hatchery  
  39  4:30  Zergling x2  
  39  4:31  Zergling x6  
  42  4:39  Zergling x6  
  42  4:40  Zergling x2  
  42  4:50  Zergling x2  
  42  4:51  Zergling x6  
  46  4:54  Zergling x2  
  47  5:01  Zergling x2  
  47  5:02  Zergling x2  
  48  5:11  Baneling x7  
  48  5:14  Overlord  
  48  5:16  Zergling x6  
  48  5:19  Overlord x2  
  47  5:40  Zergling x4  
  47  5:41  Zergling x12  
  51  5:45  Drone  
  51  5:48  Drone  
  38  6:11  Drone  
  38  6:12  Drone x7  
  38  6:18  Drone  
  45  6:22  Drone  
  43  6:26  Roach  
  43  6:28  Lair  
  45  6:34  Queen  
  47  6:41  Roach  
  47  6:42  Roach  
  47  6:43  Roach  
  53  6:47  Roach  
  53  6:48  Roach  
  53  6:51  Drone x2  
  59  6:54  Drone  
  59  6:55  Drone  
  59  6:57  Drone  
  59  6:58  Drone  
  63  7:09  Spore Crawler x2  
  63  7:11  Spore Crawler, Drone  
  63  7:12  Drone x4  
  67  7:22  Roach  
  67  7:23  Roach x2  
  63  7:40  Roach x2  
  59  7:45  Zergling x6  
  59  7:46  Zergling x2  
Tags
 
Add a new tag
Caveats
  • Supply blocks, unpowered buildings, or Contaminate may cause inaccurate times.
  • Supply counts are checked every 10 seconds.